Map: Acid Plant LE

Players

Swatopluke - Winner!

  • Race: Protoss Protoss
  • League: Platinum
  • Spawn Location: 5:00

PAVEL

  • Race: Protoss Protoss
  • League: Diamond
  • Spawn Location: 11:00

VOD

Have the link to the VOD?

Description

Time

  • Played on: Nov. 14, 2018, 8:14 a.m.
  • Length: 4:30
Show
View Real Time Build Order
Export as new Build Order

Swatopluke Protoss - Winner!

Build Orders:  

Get SALT Encoding   

  12  0:00  Probe  
  13  0:13  Probe  
  14  0:19  Pylon  
  14  0:25  Probe  
  15  0:38  Probe, Gateway  
  16  0:46  Probe  
  16  0:51  Assimilator  
  17  0:59  Probe  
  17  1:00  Gateway  
  18  1:11  Probe  
  19  1:23  Probe  
  20  1:30  Cybernetics Core  
  20  1:33  Gateway  
  20  1:39  Pylon, Probe  
  21  1:51  Probe  
  22  1:57  Zealot x2  
  26  2:01  Assimilator  
  26  2:04  Warp Gate  
  26  2:11  Twilight Council  
  26  2:15  Probe  
  27  2:28  Zealot  
  29  2:32  Zealot  
  31  2:38  Pylon, Charge  
  31  3:00  Zealot x2  
  31  3:04  Zealot  
  37  3:15  Pylon  
  37  4:16  Zealot x2  
  37  4:17  Zealot  
Show
View Real Time Build Order
Export as new Build Order

PAVEL Protoss 

Build Orders:  

Get SALT Encoding   

  12  0:04  Probe  
  13  0:16  Probe  
  14  0:22  Pylon  
  15  0:28  Probe  
  15  0:40  Gateway  
  15  0:41  Probe  
  15  0:49  Assimilator  
  16  0:50  Probe  
  17  1:00  Probe  
  18  1:12  Probe  
  19  1:22  Probe  
  20  1:30  Probe  
  20  1:34  Cybernetics Core  
  21  1:41  Probe  
  22  1:55  Pylon  
  22  2:00  Assimilator  
  22  2:18  Probe  
  22  2:20  Warp Gate  
  23  2:25  Robotics Facility  
  23  2:28  Shield Battery  
  23  2:30  Pylon  
  23  2:42  Probe  
  24  2:55  Stargate  
  24  2:59  Nexus  
  24  3:02  Pylon  
  24  3:03  Probe  
  25  3:10  Immortal  
  25  3:13  Shield Battery  
  25  3:18  Pylon  
  29  3:33  Gateway  
  29  3:42  Pylon  
Tags
 
Matchup
PvP
Replay Pack
Swatopluke
Spawn Locations
Cross Positions
Add a new tag
Caveats
  • Supply blocks, unpowered buildings, or Contaminate may cause inaccurate times.
  • Supply counts are checked every 10 seconds.